 Dungeon Crawl Stone Soup version 0.17.1-2-g5865329 (webtiles) character file.

77 Grim the Insei (level 4, -5/31 HPs)
             Began as an Octopode Monk on Jan 12, 2016.
             Was an Initiate of Ru.
             Slain by a gnoll
             ... wielding a +0 spear
              (6 damage)
             ... on level 2 of the Dungeon.
             The game lasted 00:03:35 (1691 turns).

Grim the Insei (Octopode Monk)                      Turns: 1691, Time: 00:03:35

Health: -5/31      AC:  1    Str: 10    XL:     4   Next: 34%
Magic:  4/4        EV: 19    Int: 12    God:    Ru [......]
Gold:   93         SH:  0    Dex: 20    Spells: 0 memorised, 3 levels left

rFire  . . .     SeeInvis .       - Unarmed
rCold  . . .     Clarity  .     (no shield)
rNeg   . . .     SustAt   .     (helmet restricted)
rPois  .         Gourm    .     (no amulet)
rElec  .         Spirit   .     (no ring)
rCorr  .         Warding  .     (no ring)
rMut   .         Stasis   .     (no ring)
MR     .....                    (no ring)
Stlth  ..........               (no ring)
                                (no ring)
                                (no ring)
                                (no ring)

@: agile, not resistant to hostile enchantments, extremely unstealthy
A: almost no armour, amphibious, 8 rings, constrict 8, camouflage 1, gelatinous
body 1, no stealth
a: Renounce Religion


You were on level 2 of the Dungeon.
You worshipped Ru.
Ru was noncommittal.
You were not hungry.

You visited 1 branch of the dungeon, and saw 2 of its levels.

You collected 93 gold pieces.

Inventory:

Jewellery
 e - a +2 ring of intelligence {unknown}
 h - an uncursed ring of see invisible {unknown}
Scrolls
 b - 3 scrolls of identify {unknown}
 c - 2 scrolls of amnesia {unknown}
 d - a scroll of enchant armour {unknown}
 g - a scroll of random uselessness {unknown}
 i - a scroll of recharging {unknown}
 m - a scroll of blinking {unknown}
Potions
 f - a potion of agility
 k - a potion of might {unknown}
Comestibles
 a - 2 bread rations
 j - a meat ration
 l - a slice of pizza


   Skills:
 - Level 3.0 Fighting
 - Level 3.0 Dodging
   Level 0.0 Stealth
 * Level 5.4 Unarmed Combat


You had 3 spell levels left.
You didn't know any spells.

Dungeon Overview and Level Annotations

Branches:
Dungeon (2/15)

Altars:
Ru
Vehumet
The Shining One


Innate Abilities, Weirdness & Mutations

You cannot wear most types of armour.
You are amphibious.
You can wear up to eight rings at the same time.
You can use your tentacles to constrict eight enemies at once.
Your skin changes colour to match your surroundings (Stealth).
Your rubbery body absorbs attacks (AC +1).
You cannot be stealthy.


Message History

You constrict the gnoll, but do no damage.
The gnoll closely misses you.
You tentacle-slap the gnoll.
You squeeze the gnoll, but do no damage.
The gnoll is almost dead.
You constrict the gnoll.
You kill the gnoll!
A gnoll comes into view. It is wielding a spear.
The gnoll shouts!
The gnoll hits you with a spear.
* * * LOW HITPOINT WARNING * * *
You tentacle-slap the gnoll. You grab the gnoll.
The gnoll is moderately wounded.
You constrict the gnoll. The gnoll closely misses you.
The gnoll barely misses you.
Drink which item? (? for menu, Esc to quit)
It was a potion of agility.
You feel agile all of a sudden.
You constrict the gnoll. The gnoll hits you with a spear.
You die...

######..)........#
#.....⌠.....#
##..........#
##._..._...#
#.........# #####
###.......# #...#
####.######...#
##..##......#
#<..g@.g....#
#..........#)......
#(....####.#.#.####
#.....# #..%# #
###....## #####
#......†#
###......†#
#.........#
#........[##


You could see 2 gnolls.

Vanquished Creatures
  2 gnolls (D:2)
  An adder (D:2)
  A worm (D:2)
  A giant gecko (D:1)
  6 bats
  3 giant cockroaches
  5 hobgoblins
  4 jackals (D:2)
  4 giant newts
  8 goblins
  4 kobolds
  6 rats
45 creatures vanquished.

Notes
Turn   | Place    | Note
--------------------------------------------------------------
     0 | D:1      | Grim the Octopode Monk began the quest for the Orb.
     0 | D:1      | Reached XP level 1. HP: 16/16 MP: 1/1
    96 | D:1      | Reached XP level 2. HP: 3/21 MP: 2/2
   784 | D:1      | Reached XP level 3. HP: 26/26 MP: 3/3
  1440 | D:2      | Found a radiant altar of Vehumet.
  1442 | D:2      | Found a sacrificial altar of Ru.
  1442 | D:2      | Found a glowing golden altar of the Shining One.
  1598 | D:2      | Became a worshipper of Ru the Awakened
  1609 | D:2      | Gained mutation: You cannot be stealthy. [Ru sacrifice]
  1635 | D:2      | Reached skill level 5 in Unarmed Combat
  1678 | D:2      | Reached XP level 4. HP: 14/31 MP: 4/4
  1689 | D:2      | HP: 1/31 [gnoll/spear (5)]
  1691 | D:2      | Slain by a gnoll

Action                   |  1- 3 |  4- 6 || total
-------------------------+-------+-------++-------
Melee: Unarmed           |    84 |     6 ||    90
Invok: Sacrifice Stealth |     1 |       ||     1
  Use: Potion            |       |     1 ||     1
 Stab: Sleeping          |    10 |       ||    10
  Eat: Chunk             |     2 |       ||     2
